 Dungeon Crawl Stone Soup version 0.19-a0-867-g949743d (webtiles) character file.

100 matakusis the Ducker (level 4, 0/34 HPs)
             Began as a Demonspawn Gladiator on July 3, 2016.
             Slain by a phantom (2 damage)
             ... on level 4 of the Dungeon.
             The game lasted 00:06:50 (2653 turns).

matakusis the Ducker (Demonspawn Gladiator)         Turns: 2653, Time: 00:06:52

Health: 0/34       AC:  7    Str: 15    XL:     4   Next: 47%
Magic:  4/4        EV: 13    Int: 10    God:
Gold:   108        SH:  3    Dex: 14    Spells: 0 memorised, 3 levels left

rFire  . . .     SeeInvis .     a - +1 long sword
rCold  + . .     Gourm    .     b - +0 leather armour
rNeg   . . .     Faith    .     u - +0 buckler
rPois  .         Spirit   .     c - +0 helmet
rElec  .         Dismiss  .     (no cloak)
rCorr  .         Reflect  .     (no gloves)
SustAt .         Harm     .     j - +2 pair of boots
MR     .....                    (no amulet)
Stlth  ++........               (no ring)
                                g - ring of stealth

@: exhausted, very slightly contaminated, hasted (expiring), very quick, not
resistant to hostile enchantments, unstealthy
A: talons 1, cold resistance 1, powered by death 1
a: no special abilities


You were on level 4 of the Dungeon.
You were near starving.

You visited 1 branch of the dungeon, and saw 4 of its levels.

You collected 108 gold pieces.

Inventory:

Hand Weapons
 a - a +1 long sword (weapon)
Missiles
 d - 3 throwing nets (quivered)
Armour
 b - a +0 leather armour (worn)
 c - a +0 helmet (worn)
 j - a +2 pair of boots (worn)
 u - a +0 buckler (worn)
Jewellery
 g - a ring of stealth (left hand)
Scrolls
 e - a scroll of teleportation {unknown}
 n - 2 scrolls of remove curse
 p - 4 scrolls of identify
 q - a scroll of enchant weapon
 r - 2 scrolls of amnesia
 v - a scroll of blinking {unknown}
Potions
 m - 2 potions of heal wounds
 o - 3 potions of flight
 s - 2 potions of curing
Comestibles
 f - 4 bread rations
 h - a royal jelly
 i - 3 meat rations
 k - a beef jerky


   Skills:
 * Level 2.6 Fighting
 + Level 3.2 Long Blades
 - Level 1.7 Throwing
 * Level 4.1 Dodging
 * Level 0.1 Shields


You had 3 spell levels left.
You didn't know any spells.

Dungeon Overview and Level Annotations

Branches:
Dungeon (4/15)
 Temple: D:4-7

Altars:
Okawaru
Trog

Shops:
D:4 }


Innate Abilities, Weirdness & Mutations

You have sharp toenails.
Your flesh is cold resistant. (rC+)
You regenerate a little health from kills.


Message History

The phantom is lightly damaged.
The phantom hits you!
* * * LOW HITPOINT WARNING * * *
You are near starving!
You barely miss the phantom.
The phantom is lightly damaged.
You feel yourself speed up.
The phantom blinks!
You miss the phantom.
The phantom is lightly damaged.
The phantom hits you but does no damage.
You hit the phantom.
The phantom is moderately damaged.
Your extra speed is starting to run out.
The phantom hits you but does no damage.
Unknown command.
You closely miss the phantom.
The phantom is moderately damaged.
The phantom hits you.
You die...

#...........#
####.∩.......#.###
#....#.......>...
##.#.#.#####..#####
#..#.#............#
##.#.#..####......#
#.#.#....#.......'
##.#.#.##.#.......#
#.@#.#.# .#...#+###
##W#.#.. #...#.# #
#.# ##. #...#.# #.#
. #..<#.### #.#
#####...... #.#
...........# #.#
.#######.#.# #.#
#.#.# #.# #.#.#


You could see a phantom.

Vanquished Creatures
  A worker ant (D:4)
  2 adders
  An ooze (D:1)
  2 worms
  A dart slug (D:1)
  A giant gecko (D:3)
  An orc (D:4)
  4 bats
  7 goblins
  6 hobgoblins
  4 jackals (D:2)
  3 kobolds
  A ball python (D:3)
  A giant gecko skeleton (D:4)
  3 giant newts
  7 rats
45 creatures vanquished.

Notes
Turn   | Place    | Note
-------+----------+-------------------------------------------
     0 | D:1      | matakusis the Demonspawn Gladiator began the quest for the Orb.
     0 | D:1      | Reached XP level 1. HP: 16/16 MP: 1/1
    60 | D:1      | Reached skill level 3 in Dodging
   524 | D:1      | Gained mutation: You regenerate a little health from kills. [demonic ancestry]
   524 | D:1      | Reached XP level 2. HP: 22/22 MP: 2/2
  1308 | D:2      | Gained mutation: You have sharp toenails. [demonic ancestry]
  1308 | D:2      | Reached XP level 3. HP: 11/27 MP: 3/3
  1403 | D:2      | Found an iron altar of Okawaru.
  2098 | D:3      | Gained mutation: Your flesh is cold resistant. (rC+) [demonic ancestry]
  2098 | D:3      | Reached XP level 4. HP: 34/34 MP: 4/4
  2233 | D:3      | Reached skill level 4 in Dodging
  2547 | D:4      | Found a bloodstained altar of Trog.
  2567 | D:4      | Found Bouhy's Gadget Shoppe.
  2599 | D:4      | Noticed a phantom
  2649 | D:4      | HP: 1/34 [phantom (7)]
  2653 | D:4      | Slain by a phantom

Vault maps used:
D:1:      eino_arrival_druids_welcome, roderic_hopi_sauvastika, minmay_cupped
D:2:      okawaru_trees_2, minmay_fountain_box
D:3:      first_bread, nicolae_underground_beach
D:4:      nicolae_overflow_crystal_walls, gammafunk_pakellas_spire_experiment,
          kennysheep_little_box, serial_shops, shop

Skill      XL: |  1  2  3  4 |
---------------+-------------+-----
Dodging        | 3 4 |  4.1
Long Blades    | 3 |  3.2
Fighting       | |  2.6
Throwing       | |  1.7
Shields        | |  0.1

Action                   |  1- 3 |  4- 6 || total
-------------------------+-------+-------++-------
Melee: Long sword        |   146 |    42 ||   188
  Use: Scroll            |    10 |       ||    10
       Potion            |       |     2 ||     2
 Stab: Sleeping          |     5 |     2 ||     7
  Eat: Chunk             |     4 |     1 ||     5
Armor: Leather armour    |    37 |     5 ||    42
Dodge: Dodged            |    71 |    17 ||    88
Block: Buckler           |       |     3 ||     3
